 Dungeon Crawl Stone Soup version 0.30-a0-1161-g0704695555 (webtiles) character file.

Game seed: 12298644549571181058

152 qeuew the Covered (level 5, 0/33 HPs)
             Began as a Gargoyle Fighter on Apr 27, 2023.
             Slain by Crazy Yiuf
             ... wielding a +2 quarterstaff of chaos
              (11 damage)
             ... on level 3 of the Dungeon.
             The game lasted 00:02:08 (2599 turns).

qeuew the Covered (Gargoyle Fighter)                Turns: 2599, Time: 00:02:09

Health: 0/33       AC: 11    Str: 20 (21) XL:     5   Next: 34%
Magic:  5/5        EV:  9    Int:  6 (9)  God:
Gold:   170        SH:  4    Dex:  7 (9)  Spells: 4/4 levels left

rFire   . . .        a - +0 flail
rCold   . . .        c - +0 buckler
rNeg    + . .        b - +0 scale mail
rPois   ∞            (no helmet)
rElec   +            (no cloak)
rCorr   .            (no gloves)
SInv    .            (no boots)
Will    .....        (no amulet) Stlth
                     (no ring)
HPRegen 0.25/turn    (no ring)
MPRegen 0.09/turn

%: no passive effects
@: no status effects
A: sickness immunity, AC +4, negative energy resistance 1, electricity
resistance, torment resistance 1, petrification resistance
a: no special abilities


You were on level 3 of the Dungeon.
You visited 1 branch of the dungeon, and saw 3 of its levels.

You collected 170 gold pieces.

Inventory:

Hand Weapons
 a - a +0 flail (weapon)
Armour
 b - a +0 scale mail (worn)
 c - a +0 buckler (worn)
Jewellery
 e - a ring of ice
 j - a ring of magical power
Scrolls
 f - 2 scrolls of poison
 h - a scroll of fog
 i - 2 scrolls of teleportation
 l - a scroll of fear {unknown}
Potions
 d - a potion of might
 g - a potion of resistance
 k - a potion of curing
 m - a potion of heal wounds {unknown}


   Skills:
 + Level 4.0 Fighting
 * Level 3.4 Maces & Flails
 * Level 4.5 Armour
 + Level 3.9 Shields


You had 4 spell levels left.
You didn't know any spells.
Your spell library was empty.

Dungeon Overview and Level Annotations

Branches:
Dungeon (3/15)

Altars:
Fedhas
Kikubaaqudgha
Qazlal
Ru

Annotations:
D:3 Crazy Yiuf


Innate Abilities, Weirdness & Mutations

You are immune to sickness and miasma.
Your stone body is resilient. (AC +4)
You are immune to poison.
You resist negative energy. (rN+)
You are resistant to electric shocks. (rElec)
You are resistant to unholy torment.
You are immune to petrification.


Message History

A rat zombie is nearby!
You hit the rat zombie.
You destroy the rat zombie!
Found an ancient bone altar of Kikubaaqudgha.
No target in view!
You open the door.
There is an open door here.
There is a sacrificial altar of Ru here.
You open the door.
There is an open door here.
Key pressed, stopping explore.
No target in view!
Crazy Yiuf shouts!
Crazy Yiuf says, "Gnoll verde blue!"
No reachable target in view!
Could not explore, unopened runed door.
No reachable target in view!
Could not explore, unopened runed door.
Key pressed, stopping explore.
No reachable target in view!
You open the door. You thump Crazy Yiuf!
Crazy Yiuf is heavily wounded.
Crazy Yiuf says, "Ice!
Scoff ladder wrapper."
Crazy Yiuf barely misses you.
Crazy Yiuf cries, "Cod!"
Crazy Yiuf hits you with a +2 quarterstaff of chaos.
You hit Crazy Yiuf but do no damage.
Crazy Yiuf is heavily wounded.
Crazy Yiuf hits you with a +2 quarterstaff of chaos!
Crazy Yiuf freezes you.
You hit Crazy Yiuf.
Crazy Yiuf is almost dead.
Crazy Yiuf hits you with a +2 quarterstaff of chaos.
Crazy Yiuf burns you.
You barely miss Crazy Yiuf.
Crazy Yiuf is almost dead.
Crazy Yiuf misses you.
Crazy Yiuf hits you with a +2 quarterstaff of chaos!
You die...

###.#
#.##.##.#####.###
###...# #.##.##.#
#.# #...###
#.##.##.# #.###
#.### #########
#.#.. #.# #....
##.# ###.#
#..#### ### #.#
#....P## ###..)#
#.#
#....P.####@g...#
##.#
##...PP.#..##...#
######...
##....#.### ###
#........
########
##.####... #..#
##.# #### #.. ###


You could see Crazy Yiuf.

Vanquished Creatures
  A sleepcap (D:2)
  An orc wizard (D:3)
  An adder (D:2)
  3 worms
  A dart slug (D:3)
  8 orcs (D:3)
  4 bat zombies (D:3)
  5 endoplasms
  3 giant cockroaches (D:1)
  3 goblins
  5 hobgoblins
  8 kobolds
  6 quokkas
  5 ball pythons
  5 bats
  4 frilled lizards
  3 rats
  2 rat zombies (D:3)
68 creatures vanquished.

Notes
Turn   | Place    | Note
-------+----------+-------------------------------------------
     0 | D:1      | qeuew the Gargoyle Fighter began the quest for the Orb.
     0 | D:1      | Reached XP level 1. HP: 14/14 MP: 1/1
    57 | D:1      | Reached XP level 2. HP: 17/19 MP: 2/2
   608 | D:1      | Reached XP level 3. HP: 23/23 MP: 3/3
  1357 | D:2      | Found a blossoming altar of Fedhas.
  1571 | D:2      | Reached XP level 4. HP: 26/29 MP: 4/4
  1866 | D:3      | Found a sacrificial altar of Ru.
  1877 | D:3      | Reached XP level 5. HP: 27/33 MP: 5/5
  2000 | D:3      | Found a runed translucent door.
  2001 | D:3      | Noticed Crazy Yiuf
  2329 | D:3      | Found a stormy altar of Qazlal.
  2500 | D:3      | Found an ancient bone altar of Kikubaaqudgha.
  2599 | D:3      | Slain by Crazy Yiuf

Illustrated notes

Levels and vault maps discovered:
D:1:      tarquinn_simple_flora_water_c, layout_basic, minmay_heptomino_o4
D:2:      layout_loops_cross, basic_altar
D:3:      layout_loops_ring, nicolae_ru_great_annihilating_truth,
          lemuel_zombie_altar_kikubaaqudgha, nicolae_qazlal_eye_of_the_storm,
          uniq_crazy_yiuf_cottage

Skill      XL: |  1  2  3  4  5 |
---------------+----------------+-----
Armour         | 4 |  4.5
Maces & Flails | 3 |  3.4
Fighting       | 4 |  4.0
Shields        | |  3.9

Action                     |  1- 3 |  4- 6 || total
---------------------------+-------+-------++-------
  Melee: Flail             |   163 |    92 ||   255
    Use: Scroll            |     5 |       ||     5
         Potion            |       |     3 ||     3
   Stab: Paralysed         |       |     1 ||     1
 Armour: Scale mail        |   108 |    50 ||   158
  Dodge: Dodged            |    85 |    38 ||   123
  Block: Buckler           |    40 |    12 ||    52

Table legend: (Time is in decaauts)
 A = Elapsed time spent in this place.
 B = Non-inter-level travel time spent in this place.
 C = Inter-level travel time spent in this place.
 D = Time resting spent in this place.
 E = Time spent auto-exploring this place.
 F = Levels seen in this place.
 G = Mean time per level.
                   A        B        C        D        E       F      G
               +--------+--------+--------+--------+--------+-----+--------+
         Total |   2657 |   2639 |     18 |      0 |   2151 |   3 |  885.7 |
       Dungeon |   2657 |   2639 |     18 |      0 |   2151 |   3 |  885.7 |
               +--------+--------+--------+--------+--------+-----+--------+

Top non-repeatable levels by time:
     D:3: 985 daAuts
     D:1: 953 daAuts
     D:2: 719 daAuts
